Map: Incorporeal LE

Players

Lambo - Winner!

  • Race: Zerg Zerg
  • Spawn Location: 11:00

OpTiMiStC

  • Race: Protoss Protoss
  • League: Master
  • Spawn Location: 5:00

Event: HomeStory Cup XXVII

VOD

Have the link to the VOD?

Description

Time

  • Played on: June 27, 2025, 6:19 a.m.
  • Length: 6:38

All games in this series

Show
View Real Time Build Order
Export as new Build Order

Lambo Zerg - Winner!

Build Orders: Hatch First 

Get SALT Encoding   

  12  0:00  Drone  
  13  0:08  Drone  
  14  0:14  Drone, Extractor  
  15  0:21  Overlord  
  15  0:40  Drone  
  16  0:45  Hatchery  
  16  0:49  Drone  
  16  0:52  Drone  
  16  0:56  Drone  
  18  1:06  Extractor  
  18  1:11  Spawning Pool  
  16  1:14  Drone  
  16  1:18  Drone  
  18  1:26  Drone  
  19  1:37  Drone  
  20  1:47  Drone  
  21  1:57  Queen x2  
  21  1:59  Zergling x2  
  21  2:00  Overlord  
  26  2:08  Drone  
  26  2:09  Drone  
  26  2:11  Metabolic Boost  
  28  2:21  Drone  
  28  2:22  Drone  
  30  2:30  Drone  
  30  2:32  Drone  
  30  2:35  Queen  
  34  2:43  Hatchery  
  33  2:46  Overlord  
  33  2:50  Drone  
  33  2:51  Drone  
  35  2:54  Overlord  
  35  3:04  Zergling x2  
  36  3:08  Drone x4  
  36  3:09  Zergling x4  
  36  3:11  Drone  
  43  3:16  Drone  
  43  3:18  Queen  
  46  3:22  Overlord  
  46  3:28  Overlord  
  46  3:31  Spore Crawler  
  45  3:36  Overlord  
  45  3:39  Spore Crawler  
  45  3:41  Drone x2  
  46  3:42  Drone  
  46  3:44  Queen  
  46  3:47  Drone  
  50  3:53  Drone x3  
  50  3:55  Drone  
  53  4:00  Drone  
  54  4:05  Drone  
  54  4:06  Roach Warren  
  54  4:08  Drone x3  
  57  4:12  Zergling x6  
  57  4:13  Zergling x2  
  61  4:17  Drone x2  
  61  4:18  Drone  
  61  4:22  Overlord  
  64  4:26  Drone  
  64  4:27  Lair  
  64  4:28  Extractor  
  64  4:31  Extractor  
  64  4:33  Overlord  
  64  4:34  Drone  
  64  4:39  Drone x2  
  64  4:43  Drone  
  64  4:44  Drone x3  
  70  4:46  Extractor  
  70  4:47  Overlord  
  69  4:54  Spine Crawler  
  69  4:56  Overlord  
  69  4:58  Roach x4  
  76  5:03  Roach  
  76  5:04  Zergling x8  
  76  5:06  Spine Crawler  
  81  5:09  Roach  
  81  5:13  Roach  
  81  5:14  Roach  
  87  5:19  Roach x2  
  87  5:20  Roach  
  93  5:24  Zergling x2, Roach  
  93  5:27  Roach  
  98  5:30  Overlord  
  98  5:33  Overlord  
  98  5:35  Overlord  
  98  5:45  Overlord  
  98  5:46  Overlord  
  98  5:47  Overlord  
  98  5:53  Roach x6  
  104  5:57  Roach x2  
  104  5:59  Roach  
  102  6:05  Roach  
  94  6:11  Roach x2  
  94  6:16  Zergling x2  
  99  6:19  Zergling x2  
Show
View Real Time Build Order
Export as new Build Order

OpTiMiStC Protoss 

Build Orders: 1 Gate Expand, Oracle Opening 

Get SALT Encoding   

  12  0:00  Probe  
  13  0:12  Probe  
  14  0:17  Pylon  
  14  0:24  Probe  
  15  0:29  Assimilator  
  15  0:32  Probe  
  16  0:42  Gateway  
  16  0:43  Probe  
  17  1:00  Probe  
  18  1:12  Probe  
  19  1:23  Nexus  
  19  1:24  Probe  
  20  1:32  Cybernetics Core  
  20  1:38  Probe  
  21  1:41  Assimilator  
  21  1:50  Probe  
  21  1:52  Pylon  
  22  1:58  Stalker  
  22  2:02  Probe  
  23  2:14  Robotics Facility  
  25  2:18  Probe  
  26  2:27  Warp Gate  
  26  2:28  Adept  
  28  2:30  Probe  
  28  2:32  Probe  
  30  2:40  Probe  
  30  2:42  Probe  
  32  2:49  Twilight Council  
  32  2:51  Probe  
  32  2:54  Probe  
  34  3:04  Warp Prism  
  36  3:14  Probe x2  
  36  3:16  Sentry  
  40  3:25  Oracle, Charge  
  40  3:31  Gateway  
  40  3:38  Immortal  
  44  3:48  Nexus  
  41  3:58  Gateway x2  
  41  4:00  Gateway  
  41  4:07  Gateway  
  41  4:15  Adept  
  43  4:23  Immortal  
  43  4:37  Gateway  
  46  4:41  Pylon  
  46  4:42  Pylon  
  46  4:44  Pylon  
  46  4:45  Gateway  
  46  5:02  Gateway  
  46  5:03  Zealot x4  
  46  5:04  Zealot x2  
  58  5:14  Pylon  
  58  5:16  Pylon  
  58  5:31  Zealot x5  
  68  5:53  Zealot x7  
  58  6:07  Zealot  
  58  6:08  Zealot  
  52  6:13  Zealot x4  
Tags
 
Add a new tag
Caveats
  • Supply blocks, unpowered buildings, or Contaminate may cause inaccurate times.
  • Supply counts are checked every 10 seconds.